 Dungeon Crawl Stone Soup version 0.28.0-53-g5a82cb258f (webtiles) character file.

Game seed: 8420626067928635326

56 Tirrikindir the Skirmisher (level 3, -3/26 HPs)
             Began as an Octopode Fighter on Aug 16, 2022.
             Slain by a gnoll
             ... wielding a +0 club
              (8 damage)
             ... on level 2 of the Dungeon.
             The game lasted 00:02:44 (1369 turns).

Tirrikindir the Skirmisher (Octopode Fighter)       Turns: 1369, Time: 00:02:44

Health: -3/26      AC:  1    Str: 15    XL:     3   Next: 95%
Magic:  3/3        EV: 13    Int: 10    God:
Gold:   89         SH:  4    Dex: 13    Spells: 2/2 levels left

rFire   . . .      SeeInvis .   a - +0 long sword
rCold   . . .      Faith    .   b - +0 buckler
rNeg    . . .      Spirit   .   (helmet restricted)
rPois   .          Reflect  .   (no amulet)
rElec   .          Harm     .   (no ring)
rCorr   .          Rampage  .   (no ring)
Will    .....                   (no ring)
Stlth   +++.......              (no ring)
HPRegen 0.08/turn               (no ring)
MPRegen 0.08/turn               (no ring)
                                (no ring)
                                (no ring)

@: no status effects
A: almost no armour, amphibious, 8 rings, camouflage 1, gelatinous body 1,
(nimble swimmer 1), tentacles
a: no special abilities


You were on level 2 of the Dungeon.
You visited 1 branch of the dungeon, and saw 2 of its levels.

You collected 89 gold pieces.

Inventory:

Hand Weapons
 a - a +0 long sword (weapon)
Armour
 b - a +0 buckler (worn)
Jewellery
 h - a ring of see invisible
Scrolls
 d - a scroll of silence {unknown}
 e - 4 scrolls of teleportation {unknown}
 g - a scroll of vulnerability {unknown}
Potions
 c - a potion of might
 f - a potion of brilliance {unknown}
 i - a potion of mutation {unknown}
 j - a potion of haste {unknown}


   Skills:
 + Level 3.3 Fighting
 * Level 2.8 Long Blades
 + Level 3.2 Dodging
 + Level 1.7 Stealth
 + Level 3.3 Shields


You had 2 spell levels left.
You didn't know any spells.
Your spell library contained the following spells:

 Spells                   Type           Power      Damage    Failure   Level
 Sandblast                Erth           0%         2d4       45%         1
 Passwall                 Tmut/Erth      0%         N/A       58%         2
 Stone Arrow              Conj/Erth      0%         3d7       83%         3


Dungeon Overview and Level Annotations

Branches:
Dungeon (2/15)

Altars:


Innate Abilities, Weirdness & Mutations

You cannot wear most types of armour.
You are amphibious.
You can wear up to eight rings at the same time.
Your skin changes colour to match your surroundings (Stealth+).
Your rubbery body absorbs attacks. (AC +1, EV +1)
((You are camouflaged when in or above water. (Stealth+)))
You have tentacles for arms and can constrict up to eight enemies at once.


Message History

r - Retreat! s - Stop attacking. g - Guard the area. f - Follow me.
Anything else - Cancel.
You shout for attention!
The gnoll shouts!
You hear a shout!
You hear an angry hiss.
You hear a shout!
The gnoll closely misses you.
You barely miss the gnoll. Your grab misses the gnoll.
You squeeze the gnoll, but do no damage.
You block the gnoll's attack.
You hit the gnoll but do no damage. You grab the gnoll.
You constrict the gnoll. The gnoll hits you with a +0 whip!
You slash the gnoll!
The gnoll is severely wounded.
You constrict the gnoll, but do no damage.
A bat comes into view.
The gnoll hits you with a +0 whip. The gnoll misses you.
The bat moves out of view.
You slash the gnoll!
You kill the gnoll!
You start resting.
A worm comes into view.
You barely miss the bat. Your grab misses the bat. You block the bat's attack.
The bat hits you. The bat misses you.
You miss the bat. You grab the bat. You constrict the bat.
The bat closely misses you.
The bat struggles to escape constriction.
The bat escapes!
You slash the bat!
You kill the bat!
A gnoll comes into view. It is wielding a +0 club.
The worm bites you.
* * * LOW HITPOINT WARNING * * *
Things that are here:
a +0 whip; a gnoll corpse You hit the worm.
You grab the worm.
The worm is lightly wounded.
You constrict the worm. The worm barely misses you.
You closely miss the gnoll. Your grab misses the gnoll. You constrict the worm.
The gnoll hits you with a +0 club!
You die...

.......#.#####<#...#
.......†.# #.##.##
..#####..# # #.# . #..#
##.## #.# #..# #.#...#
... #..#####...... #..
#.....[...####
#...#####..##......##.
#..w@g............#.#
......#####.####......##
#.##. #.# ##...#### #
#.# ##...... #.# #.##.##
..# #.##.# ### ##.##.##
###....... ...........##


You could see a worm and a gnoll.

Vanquished Creatures
  A gnoll (D:2)
  4 dart slugs
  2 ball pythons (D:1)
  4 bats
  4 endoplasms (D:2)
  2 giant cockroaches
  3 goblins
  3 hobgoblins
  A quokka (D:2)
  3 frilled lizards
  7 kobolds
  2 rats (D:1)
36 creatures vanquished.

Vanquished Creatures (others)
  8 fungi (D:2)
  2 plants (D:2)
10 creatures vanquished.

Grand Total: 46 creatures vanquished

Notes
Turn   | Place    | Note
-------+----------+-------------------------------------------
     0 | D:1      | Tirrikindir the Octopode Fighter began the quest for the
                  | Orb.
     0 | D:1      | Reached XP level 1. HP: 16/16 MP: 1/1
   145 | D:1      | Reached XP level 2. HP: 21/21 MP: 2/2
   174 | D:1      | Reached skill level 1 in Stealth
   580 | D:1      | Reached XP level 3. HP: 23/26 MP: 3/3
  1369 | D:2      | Slain by a gnoll

Illustrated notes

Levels and vault maps discovered:
D:1:      dpeg_arrival_erosion, layout_loops_ring
D:2:      layout_loops_ring, shapermc_ecumenical_altar_mp_urbaneastern

Skill      XL: |  1  2 |
---------------+-------+-----
Stealth        | 1 |  1.7
Fighting       | |  3.3
Long Blades    | |  2.8
Dodging        | |  3.2
Shields        | |  3.3

Action                   || total
-------------------------++-------
Melee: Long sword        ||    67
       Constrict         ||    16
       Tentacles         ||     4
 Stab: Sleeping          ||     5
Armor: Skin              ||     3
Dodge: Dodged            ||    26
Block: Buckler           ||    10
